 Dungeon Crawl Stone Soup version 0.21-a0-536-gdbbf329 (webtiles) character file.

133 slep the Chopper (level 4, 0/34 HPs)
             Began as a Demonspawn Gladiator on Dec 15, 2017.
             Slain by a leopard gecko (4 damage)
             ... on level 4 of the Dungeon.
             The game lasted 00:04:03 (1364 turns).

slep the Chopper (Demonspawn Gladiator)             Turns: 1364, Time: 00:04:03

Health: 0/34       AC:  4    Str: 14    XL:     4   Next: 93%
Magic:  4/4        EV: 13    Int: 10    God:
Gold:   58         SH:  0    Dex: 15    Spells: 3/3 levels left

rFire    . . .     SeeInvis .   a - +0 war axe
rCold    + . .     Gourm    .   (no shield)
rNeg     . . .     Faith    .   b - +0 leather armour
rPois    .         Spirit   .   c - +0 helmet
rElec    .         Reflect  .   (no cloak)
rCorr    .         Harm     .   (no gloves)
MR       .....                  (no boots)
Stlth    +.........             (no amulet)
HPRegen  0.11/turn              (no ring)
MPRegen  0.09/turn              (no ring)

@: lethally poisoned (0 -> -8)
A: hooves 1, cold resistance 1
a: no special abilities


You were on level 4 of the Dungeon.
You were not hungry.

You visited 1 branch of the dungeon, and saw 4 of its levels.

You collected 58 gold pieces.

Inventory:

Hand Weapons
 a - a +0 war axe (weapon)
Missiles
 d - 3 throwing nets (quivered)
 j - 5 javelins
Armour
 b - a +0 leather armour (worn)
 c - a +0 helmet (worn)
Jewellery
 m - an uncursed amulet of rage {unknown}
Scrolls
 e - 4 scrolls of identify {unknown}
 l - 2 scrolls of teleportation {unknown}
 n - a scroll of fear {unknown}
 p - a scroll of enchant weapon {unknown}
Potions
 i - a potion of ambrosia {unknown}
 k - 3 potions of curing {unknown}
 o - 3 potions of degeneration {unknown}
 q - 2 potions of agility {unknown}
 r - a potion of mutation {unknown}
Comestibles
 f - 3 bread rations
 g - 2 meat rations
 h - 2 royal jellies
 s - 2 chunks of flesh


   Skills:
 + Level 2.4 Fighting
 + Level 3.9 Axes
 + Level 1.9 Throwing
 + Level 1.4 Armour
 + Level 3.5 Dodging
 + Level 0.2 Stealth


You had 3 spell levels left.
You didn't know any spells.

Dungeon Overview and Level Annotations

Branches:
Dungeon (4/15)
 Temple: D:4-7

Altars:
Nemelex Xobeh
The Shining One

Annotations:
D:3 2 transporters


Innate Abilities, Weirdness & Mutations

You have large cloven feet.
Your flesh is cold resistant. (rC+)


Message History

The leopard gecko bites you but does no damage.
The worker ant misses you. The leopard gecko bites you.
* * * LOW HITPOINT WARNING * * *
You barely miss the worker ant.
The worker ant is heavily wounded.
You closely miss the leopard gecko.
* * * LOW HITPOINT WARNING * * *
You feel sick. The worker ant closely misses you.
The leopard gecko hisses menacingly.
The leopard gecko closely misses you. The worker ant misses you.
You hit the worker ant.
The worker ant is almost dead.
You closely miss the leopard gecko.
* * * LOW HITPOINT WARNING * * *
You feel sick.
The leopard gecko completely misses you.
The worker ant bites you.
* * * LOW HITPOINT WARNING * * *
The leopard gecko bites you.
You die...

......................#
....########.###.###..#
..#...(......# #..##..#
.........###.###......#
......##.# #..........#
(.#(#.##.# ###.##.#...#
#.._..##.# #.##..#..#
#.#.####.# # ##a###.#
#...# #.# #@## #.#
#.### #.......l..# .a.
#.# #######.....# ###
#.####### ##...#..
......... ##.#####
.######## §#.#§ .#
§#.#§ ## §§#.#§§ #


You could see a worker ant and a leopard gecko.

Vanquished Creatures
  2 hounds (D:4)
  A worker ant (D:4)
  An adder (D:2)
  2 dart slugs
  A leopard gecko (D:2)
  A ball python (D:1)
  A bat (D:1)
  3 giant cockroaches
  A goblin (D:2)
  4 hobgoblins
  9 jackals
  3 frilled lizards
  3 kobolds (D:1)
  2 rats (D:1)
34 creatures vanquished.

Notes
Turn   | Place    | Note
-------+----------+-------------------------------------------
     0 | D:1      | slep the Demonspawn Gladiator began the quest for the Orb.
     0 | D:1      | Reached XP level 1. HP: 16/16 MP: 1/1
   347 | D:1      | Gained mutation: You have large cloven feet. [demonic ancestry]
   347 | D:1      | Reached XP level 2. HP: 22/22 MP: 2/2
   814 | D:2      | Reached XP level 3. HP: 26/27 MP: 3/3
   865 | D:3      | Found a transporter.
   866 | D:3      | Noticed a kobold demonologist
   878 | D:3      | Found a transporter.
   907 | D:3      | Found a glowing golden altar of the Shining One.
   989 | D:4      | Reached skill level 1 in Armour
   989 | D:4      | Gained mutation: Your flesh is cold resistant. (rC+) [demonic ancestry]
   989 | D:4      | Reached XP level 4. HP: 10/33 MP: 4/4
  1319 | D:4      | Found a sparkling altar of Nemelex Xobeh.
  1364 | D:4      | Slain by a leopard gecko

Vault maps used:
D:1:      evilmike_arrival_hilbert_curve
D:2:      grunt_temple_overflow_open, first_bread,
          chequers_ecumenical_altar_simple, grunt_ministairs_8,
          minmay_goblin_outpost
D:3:      gammafunk_wand_slinger, tso_metal_star, small_statue_intersection,
          nemelex_dance_club_becter, uniq_ijyb, uniq_natasha, uniq_terence,
          uniq_grinder, uniq_robin
D:4:      nicolae_qazlal_eye_of_the_storm, lemuel_crystal_altar,
          uniq_crazy_yiuf_cottage

Skill      XL: |  1  2  3 |
---------------+----------+-----
Dodging        | 3 |  3.5
Axes           | 3 |  3.9
Armour         | 1 |  1.4
Fighting       | |  2.4
Throwing       | |  1.9
Stealth        | |  0.2

Action                   |  1- 3 |  4- 6 || total
-------------------------+-------+-------++-------
Melee: War axe           |    70 |    27 ||    97
       Kick              |    11 |     6 ||    17
  Eat: Chunk             |       |     2 ||     2
Armor: Leather armour    |    32 |     6 ||    38
Dodge: Dodged            |    50 |    32 ||    82

Table legend:
 A = Spawn XP
 B = Non-spawn XP
 C = Spawn XP percentage of total XP
 D = Spawn monster count
 E = Non-spawn monster count
 F = Spawn count percentage of total count
 G = Total turns spent on level
                    A         B        C        D         E        F      G
               +---------+---------+-------+---------+---------+-------+---------
         Total |       0 |     190 |   0.0 |       0 |      34 |   0.0 |  1364
               +---------+---------+-------+---------+---------+-------+---------
           D:1 |       0 |      27 |   0.0 |       0 |      16 |   0.0 |   642
           D:2 |       0 |      22 |   0.0 |       0 |       5 |   0.0 |   178
           D:3 |       0 |       7 |   0.0 |       0 |       3 |   0.0 |   154
           D:4 |       0 |     134 |   0.0 |       0 |      10 |   0.0 |   390
               +---------+---------+-------+---------+---------+-------+---------
